 Dungeon Crawl Stone Soup version 0.26.1-11-gd32895ea62 (webtiles) character file.

Game seed: 11947805536374139093

97 Mattiprrivan the Conjurer (level 4, -5/34 HPs)
             Began as a Draconian Wanderer on June 21, 2021.
             Was an Initiate of Okawaru.
             Slain by Grinder (6 damage)
             ... while paralysed by Grinder
             ... on level 3 of the Dungeon.
             The game lasted 00:21:20 (2460 turns).

Mattiprrivan the Conjurer (Draconian Wanderer)      Turns: 2460, Time: 00:21:20

Health: -5/34      AC:  6    Str: 16    XL:     4   Next: 42%
Magic:  2/6        EV:  2    Int: 13    God:    Okawaru [......]
Gold:   87         SH:  0    Dex: 11    Spells: 2/5 levels left

rFire    . . .     SeeInvis .   b - +1 mace
rCold    . . .     Faith    .   (no shield)
rNeg     . . .     Spirit   .   (armour unavailable)
rPois    .         Reflect  .   (helmet restricted)
rElec    +         Harm     .   (no cloak)
rCorr    .         Rampage  .   (no gloves)
Will     .....                  a - +0 pair of boots
Stlth    +.........             (no amulet)
HPRegen  0.11/turn              d - ring of flight
MPRegen  0.10/turn              (no ring)

@: paralysed, lethally poisoned (-5 -> -37)
A: unfitting armour, electricity resistance, strong 1, cold-blooded, AC +5
a: Renounce Religion, Evoke Flight


You were on level 3 of the Dungeon.
You worshipped Okawaru.
Okawaru was noncommittal.
You visited 1 branch of the dungeon, and saw 3 of its levels.

You collected 87 gold pieces.

Inventory:

Hand Weapons
 b - a +1 mace (weapon)
Missiles
 c - 16 poisoned darts (quivered)
 e - 8 boomerangs
 f - 4 silver javelins
Armour
 a - a +0 pair of boots (worn)
Jewellery
 d - a ring of flight (left hand)
Scrolls
 g - a scroll of remove curse
 h - 2 scrolls of teleportation
 i - a scroll of identify


   Skills:
 * Level 0.7 Fighting
 * Level 0.7 Maces & Flails
 * Level 0.1 Throwing
 * Level 0.4 Dodging
 * Level 0.5 Stealth
 * Level 1.3 Shields
 * Level 0.6 Unarmed Combat
 * Level 1.3 Spellcasting
 * Level 3.5 Conjurations
 * Level 1.1 Hexes
 * Level 0.6 Necromancy
 * Level 3.4 Fire Magic
 * Level 0.6 Air Magic
 * Level 0.3 Invocations
 * Level 1.1 Evocations


You had 2 spell levels left.
You knew the following spells:

 Your Spells              Type           Power        Failure   Level
a - Foxfire               Conj/Fire      36%          7%          1
b - Corpse Rot            Necr/Air       N/A          32%         2

Your spell library contained the following spells:

 Spells                   Type           Power        Failure   Level
 Corona                   Hex            3%           17%         1
 Ensorcelled Hibernation  Hex/Ice        4%           32%         2
 Sublimation of Blood     Necr           1%           32%         2
 Conjure Flame            Conj/Fire      9%           21%         3
 Dazzling Flash           Conj/Hex       12%          30%         3
 Confusing Touch          Hex            3%           45%         3
 Tukima's Dance           Hex            3%           45%         3
 Gell's Gravitas          Tloc           0%           63%         3
 Petrify                  Tmut/Erth      0%           95%         4
 Metabolic Englaciation   Hex/Ice        1%           99%         5
 Yara's Violent Unravell  Hex/Tmut       1%           99%         5


Dungeon Overview and Level Annotations

Branches:
Dungeon (3/15)

Altars:
Fedhas
Okawaru
Vehumet

Annotations:
D:3 Grinder


Innate Abilities, Weirdness & Mutations

Your plain brown scales are hard. (AC +5)
You cannot fit into any form of body armour.
You are cold-blooded and may be slowed by cold attacks.
You are resistant to electric shocks. (rElec)
Your muscles are strong. (Str +2)


Message History

You feel sick.
The kobold throws a poisoned dart.
The poisoned dart hits you!
You are more poisoned.
The hobgoblin hits you but does no damage.
The kobold hits you.
You feel sick. Grinder hits you.
You writhe in agony.
* * * LOW HITPOINT WARNING * * *
The kobold throws a poisoned dart.
The poisoned dart hits you!
You are more poisoned.
The hobgoblin barely misses you. The kobold hits you but does no damage.
* * * LOW HITPOINT WARNING * * *
You feel very sick. Grinder hits you but does no damage.
The kobold throws a poisoned dart.
The poisoned dart hits you!
You are more poisoned.
The hobgoblin hits you with a +0 club.
* * * LOW HITPOINT WARNING * * *
The kobold hits you but does no damage.
* * * LOW HITPOINT WARNING * * *
You feel sick. Grinder hits you.
You die...

#. .... #. ...
#. .. # #. #.#
#
#.####.#..#.##.
#..............
#.....g5......
#...(.@).K..#
#.....K.....#
#.............
#............#
#...########..
#..# . #.. ..


You could see Grinder, a hobgoblin and 2 kobolds.

Vanquished Creatures
  3 adders (D:2)
  A gnoll (D:1)
  An ooze (D:2)
  2 dart slugs (D:1)
  4 leopard geckos
  12 bats
  A giant cockroach (D:2)
  4 goblins
  5 hobgoblins
  5 jackals
  4 kobolds
  2 ball pythons (D:2)
  2 frilled lizards
  2 rats (D:1)
48 creatures vanquished.

Vanquished Creatures (others)
  87 foxfires
87 creatures vanquished.

Grand Total: 135 creatures vanquished

Notes
Turn   | Place    | Note
-------+----------+-------------------------------------------
     0 | D:1      | Mattiprrivan the Draconian Wanderer began the quest for the
                  | Orb.
     0 | D:1      | Mattiprrivan set off with the following items: a +0 club;
                  | and the following spells available to memorise: Foxfire,
                  | Corona, Ensorcelled Hibernation, Corpse Rot, Sublimation of
                  | Blood, Conjure Flame, Dazzling Flash, Confusing Touch,
                  | Tukima's Dance
     0 | D:1      | Reached XP level 1. HP: 14/14 MP: 2/2
     2 | D:1      | Learned a level 1 spell: Foxfire
   269 | D:1      | Reached XP level 2. HP: 9/20 MP: 1/3
   272 | D:1      | Learned a level 2 spell: Corpse Rot
   857 | D:1      | Reached XP level 3. HP: 27/27 MP: 0/4
  1469 | D:2      | Gained mutation: Your muscles are strong. (Str +2) [potion
                  | of mutation]
  1469 | D:2      | Gained mutation: You are resistant to electric shocks.
                  | (rElec) [potion of mutation]
  1483 | D:2      | Found a radiant altar of Vehumet.
  1664 | D:2      | Reached XP level 4. HP: 22/34 MP: 1/5
  1858 | D:2      | Found an iron altar of Okawaru.
  1864 | D:2      | Became a worshipper of Warmaster Okawaru
  1933 | D:2      | Found a blossoming altar of Fedhas.
  2451 | D:3      | Noticed Grinder
  2455 | D:3      | Paralysed by Grinder for 6 turns
  2460 | D:3      | HP: 1/34 [poisoned by a kobold]
  2460 | D:3      | Slain by Grinder

Illustrated notes

Levels and vault maps discovered:
D:1:      lemuel_arrival_hallway, layout_loops_ring, minmay_tall_x
D:2:      layout_basic, okawaru_gym_becter, fedhas_ov_isle_minmay,
          nicolae_overflow_hidden_temple
D:3:      layout_rooms, uniq_grinder

Action                   |  1- 3 |  4- 6 || total
-------------------------+-------+-------++-------
Melee: Mace              |    58 |       ||    58
       Tailslap          |     5 |       ||     5
Throw: Dart              |    10 |     8 ||    18
 Cast: Foxfire           |    36 |    17 ||    53
       Corpse Rot        |     1 |       ||     1
  Use: Potion            |     5 |     1 ||     6
       Scroll            |     6 |     2 ||     8
Armor: Skin              |    40 |     7 ||    47
Dodge: Dodged            |    60 |     5 ||    65
